 Dungeon Crawl Stone Soup version 0.28.0-53-g5a82cb258f (webtiles) character file.

Game seed: 13631281606441541759

3525 raph the Carver (level 10, 0/80 HPs)
             Began as a Gnoll Cinder Acolyte on July 3, 2022.
             Was an Initiate of Makhleb.
             Slain by a fire elemental (7 damage)
             ... created by the fiery vengeance of Ignis
             ... on level 7 of the Dungeon.
             The game lasted 00:17:15 (12065 turns).

raph the Carver (Gnoll Cinder Acolyte)             Turns: 12065, Time: 00:17:15

Health: 0/80       AC:  8    Str: 13    XL:     10   Next: 8%
Magic:  18/18      EV: 12    Int: 20    God:    Makhleb [......]
Gold:   247        SH:  0    Dex: 12    Spells: 9/20 levels left

rFire   . . .      SeeInvis .   E - +4 long sword
rCold   . . .      Faith    .   (no shield)
rNeg    . . .      Spirit   .   y - +0 ring mail {Will+}
rPois   .          Reflect  .   d - +0 helmet
rElec   .          Harm     .   (no cloak)
rCorr   .          Rampage  .   C - +0 pair of gloves
Will    +....                   (no boots)
Stlth   ++........              (no amulet)
HPRegen 0.23/turn               B - +6 ring of intelligence
MPRegen 0.16/turn               o - ring of protection from fire

@: fire susceptible
A: fangs 1, strong nose, distributed training
a: Renounce Religion


You were on level 7 of the Dungeon.
You worshipped Makhleb.
Makhleb was noncommittal.
You visited 2 branches of the dungeon, and saw 9 of its levels.
You also visited: Ossuary and Bailey.

You collected 247 gold pieces.

Inventory:

Hand Weapons
 a - a -1 falchion of flaming
 j - a +1 scimitar of distortion
 m - a +1 falchion of draining
 A - a +0 long sword
 E - a +4 long sword (weapon)
Missiles
 l - 2 javelins (quivered)
 x - 3 curare-tipped darts
 z - 3 throwing nets
Armour
 b - a +0 robe
 c - a +0 ring mail
 d - a +0 helmet (worn)
 y - a +0 ring mail of willpower (worn)
 C - a +0 pair of gloves (worn)
Jewellery
 n - a ring of ice
 o - a ring of protection from fire (right hand)
 p - a ring of protection from fire
 B - a +6 ring of intelligence (left hand)
Scrolls
 r - a scroll of blinking
 s - a scroll of amnesia
 u - a scroll of teleportation
 D - a scroll of fear
Potions
 e - 3 potions of attraction
 f - 3 potions of mutation
 g - 3 potions of brilliance
 h - 2 potions of magic
 i - a potion of cancellation
 k - 3 potions of degeneration
 q - a potion of flight
 t - 2 potions of haste
 v - a potion of might {unknown}
 w - 3 potions of curing


   Skills:
 + Level 8.3 Fighting
 + Level 4.9 Short Blades
 + Level 8.3 Long Blades
 + Level 4.9 Axes
 + Level 4.9 Maces & Flails
 + Level 4.9 Polearms
 + Level 4.9 Staves
 + Level 4.9 Slings
 + Level 4.9 Bows
 + Level 4.9 Crossbows
 + Level 4.9 Throwing
 + Level 4.9 Armour
 + Level 4.9 Dodging
 + Level 4.9 Stealth
 + Level 4.9 Shields
 + Level 4.9 Unarmed Combat
 + Level 5.7 Spellcasting
 + Level 4.0 Conjurations
 + Level 4.0 Hexes
 + Level 4.0 Summonings
 + Level 4.0 Necromancy
 + Level 4.0 Translocations
 + Level 4.0 Transmutations
 + Level 6.9 Fire Magic
 + Level 4.0 Ice Magic
 + Level 4.0 Air Magic
 + Level 4.0 Earth Magic
 + Level 4.0 Poison Magic
 + Level 5.4 Invocations
 + Level 4.9 Evocations


You had 9 spell levels left.
You knew the following spells:

 Your Spells              Type           Power      Damage    Failure   Level
a - Scorch                Fire           66%        2d8       1%          2
b - Inner Flame           Hex/Fire       27%        N/A       7%          3
c - Mephitic Cloud        Conj/Pois/Air  22%        N/A       12%         3
d - Tukima's Dance        Hex            22%        N/A       12%         3

Your spell library contained the following spells:

 Spells                   Type           Power      Damage    Failure   Level
 Anguish                  Hex/Necr       11%        N/A       36%         4
 Conjure Ball Lightning   Conj/Air       11%        3x3d6     99%         6
 Enfeeble                 Hex            11%        N/A       100%        7


Dungeon Overview and Level Annotations

Branches:
Dungeon (8/15)             Temple (1/1) D:4         Ossuary (visited)
 Bailey (visited)
   Lair: D:8-11

Altars:
Ashenzari
Cheibriados
Dithmenos
Elyvilon
Fedhas
Gozag
Hepliaklqana
Kikubaaqudgha
Makhleb
Nemelex Xobeh
Okawaru
Qazlal
Ru
Sif Muna
Trog
Uskayaw
Vehumet
Wu Jian
Xom
Yredelemnul
Zin
The Shining One

Shops:
D:4 (

Annotations:
D:3 1 runed translucent door, MisterFreud's ghost, weakling GnDe
D:4 1 runed translucent door, arakdai's ghost, amateur HuFi
D:6 2 transporters, diceflayer's ghost, novice OpFi


Innate Abilities, Weirdness & Mutations

You have very sharp teeth.
Your uncanny sense of smell can sniff out nearby items.
Your experience applies equally to all skills.


Message History

The electric eel shoots out a bolt of lightning at you!
The bolt of electricity hits you!
A wolf comes into view.
The electric eel shoots out a bolt of lightning at you!
The bolt of electricity hits you!
You hear a bark!
The electric eel shoots out a bolt of lightning at you!
The bolt of electricity hits you!
* * * LOW HITPOINT WARNING * * *
There is a stone staircase leading up, spattered with blood here.
You climb upwards.
There is a stone staircase leading down, spattered with blood here.
You start resting.
Magic restored.
You start resting. "Burn!
Burn until nothing is left!" 2 fire elementals come into view.
There are monsters nearby!
The fire elemental closely misses you. The fire elemental misses you.
The fire elemental closely misses you. The fire elemental hits you.
The fire elemental burns you!
* * * LOW HITPOINT WARNING * * *
The fire elemental closely misses you.
You completely miss the fire elemental. The fire elemental hits you.
The fire elemental burns you!
* * * LOW HITPOINT WARNING * * *
Okay, then.
Okay, then.
Blink to where?
Press: ? - help, Dir - move target
As you read the scroll of blinking, it crumbles to dust.
There is a stone staircase leading down, spattered with blood here.
You climb downwards.
There is a stone staircase leading up here.
You start resting.
An orc wizard is nearby!
You climb upwards.
The fire elemental hits you. The fire elemental burns you!
* * * LOW HITPOINT WARNING * * *
The fire elemental hits you. The fire elemental burns you!
You die...

###.....○○...###.........# ##
#.............#.....##..## #.
#..................###### ##. #
##................## ##.. #
##..............## ##... #
##.............#### ###.... #
##...............####...... #
##........E............... ######
###....)@....##.......... #....##
##.....E....###........
##.....#####....###...###........
#........##(.[### #..(.##........
#............## ##...###.......
...........### ##....###......
...........# ####.....####)....
...........# #.........##(.....
..........## ##.....#....)).....


You could see 2 fire elementals.

Vanquished Creatures
  Prince Ribbit (D:5)
  Grinder (D:3)
  A wraith (Ossuary)
  Eustachio (D:4)
  Menkaure (D:5)
  2 ice beasts
  2 black bears
  An orc warrior (D:7)
  A sky beast (D:5)
  2 ogres
  A centaur (D:6)
  A phantom (D:5)
  3 kobold brigands
  A scorpion (D:6)
  A water moccasin zombie (D:6)
  A water moccasin skeleton (D:6)
  4 killer bees (D:7)
  4 wights
  An electric eel (D:8)
  2 jellies (D:5)
  3 orc priests
  A centaur zombie (D:6)
  A bullfrog skeleton (D:6)
  3 hounds
  7 iguanas
  A gnoll shaman (D:6)
  3 orc wizards
  A mummy (Ossuary)
  9 gnolls
  17 adders
  A white imp (D:8)
  4 worms
  A dart slug (D:2)
  18 orcs
  8 endoplasms
  3 giant cockroaches (D:2)
  12 goblins
  8 hobgoblins
  4 jackals (D:2)
  25 kobolds
  3 quokkas
  7 ball pythons
  3 bats
  4 frilled lizards
  7 gnoll skeletons (Ossuary)
  5 kobold skeletons (Ossuary)
  10 orc skeletons (Ossuary)
  4 rats
205 creatures vanquished.

Vanquished Creatures (collateral kills)
  2 kobold brigands (Bailey)
  A kobold (Bailey)
  A kobold skeleton (Ossuary)
  2 orc skeletons (Ossuary)
6 creatures vanquished.

Vanquished Creatures (others)
  A dancing weapon (Bailey)
  117 foxfires
118 creatures vanquished.

Grand Total: 329 creatures vanquished

Notes
Turn   | Place    | Note
-------+----------+-------------------------------------------
     0 | D:1      | raph the Gnoll Cinder Acolyte began the quest for the Orb.
     0 | D:1      | Reached XP level 1. HP: 23/23 MP: 4/4
    80 | D:1      | Got the Tome of Ensnaring Air
   197 | D:1      | Reached XP level 2. HP: 22/29 MP: 5/5
   663 | D:1      | Reached XP level 3. HP: 35/35 MP: 7/7
   825 | D:1      | Found a faded altar of an unknown god.
  1124 | D:2      | Reached skill level 1 in Invocations
  1277 | D:2      | Reached skill level 1 in Short Blades
  1277 | D:2      | Reached skill level 1 in Axes
  1277 | D:2      | Reached skill level 1 in Maces & Flails
  1277 | D:2      | Reached skill level 1 in Polearms
  1277 | D:2      | Reached skill level 1 in Staves
  1277 | D:2      | Reached skill level 1 in Slings
  1277 | D:2      | Reached skill level 1 in Bows
  1277 | D:2      | Reached skill level 1 in Crossbows
  1277 | D:2      | Reached skill level 1 in Throwing
  1277 | D:2      | Reached skill level 1 in Armour
  1277 | D:2      | Reached skill level 1 in Dodging
  1277 | D:2      | Reached skill level 1 in Stealth
  1277 | D:2      | Reached skill level 1 in Shields
  1277 | D:2      | Reached skill level 1 in Unarmed Combat
  1277 | D:2      | Reached skill level 1 in Evocations
  1349 | D:2      | Reached XP level 4. HP: 41/41 MP: 8/8
  1458 | D:2      | Reached skill level 1 in Conjurations
  1458 | D:2      | Reached skill level 1 in Hexes
  1458 | D:2      | Reached skill level 1 in Summonings
  1458 | D:2      | Reached skill level 1 in Necromancy
  1458 | D:2      | Reached skill level 1 in Translocations
  1458 | D:2      | Reached skill level 1 in Transmutations
  1458 | D:2      | Reached skill level 1 in Ice Magic
  1458 | D:2      | Reached skill level 1 in Air Magic
  1458 | D:2      | Reached skill level 1 in Earth Magic
  1458 | D:2      | Reached skill level 1 in Poison Magic
  1608 | D:2      | Reached XP level 5. HP: 47/47 MP: 9/9
  2147 | D:2      | Learned a level 2 spell: Scorch
  2519 | D:3      | Noticed an ice beast
  2541 | D:3      | Killed an ice beast
  2542 | D:3      | Reached XP level 6. HP: 29/53 MP: 5/11
  2689 | D:3      | Noticed Grinder
  2708 | D:3      | Killed Grinder
  2709 | D:3      | Reached XP level 7. HP: 59/59 MP: 12/12
  3158 | D:3      | Found a stormy altar of Qazlal.
  3158 | D:3      | Found a broken altar of Ashenzari.
  3158 | D:3      | Found an ancient bone altar of Kikubaaqudgha.
  3233 | D:3      | Found a runed translucent door.
  3241 | D:3      | Noticed MisterFreud's ghost (weakling GnDe)
  3721 | D:4      | Found a runed translucent door.
  3722 | D:4      | Noticed arakdai's ghost (amateur HuFi)
  3826 | D:4      | Found Docwuid's Weapon Boutique.
  3833 | D:4      | Noticed Eustachio
  3859 | D:4      | Killed Eustachio
  4352 | D:4      | Found a staircase to the Ecumenical Temple.
  4476 | D:5      | Entered Level 5 of the Dungeon
  4711 | D:5      | Reached XP level 8. HP: 65/67 MP: 3/14
  4915 | D:5      | Noticed Menkaure
  4920 | D:5      | Killed Menkaure
  5119 | D:5      | Found a sand-covered staircase.
  5124 | Ossuary  | Entered an ossuary
  5124 | Ossuary  | Noticed a wraith
  5124 | Ossuary  | Noticed a wraith
  5124 | Ossuary  | Noticed a wraith
  5254 | Ossuary  | Noticed a wraith
  5264 | Ossuary  | Killed a wraith
  5737 | D:5      | Noticed Prince Ribbit
  5744 | D:5      | Killed Prince Ribbit
  6209 | D:5      | Reached XP level 9. HP: 62/72 MP: 9/16
  6997 | D:6      | Reached skill level 5 in Spellcasting
  7185 | D:6      | Noticed diceflayer's ghost (novice OpFi)
  7193 | D:6      | Found a transporter.
  7197 | D:6      | Found a transporter.
  8624 | D:7      | Learned a level 3 spell: Inner Flame
  8628 | D:7      | Learned a level 3 spell: Mephitic Cloud
  8632 | D:7      | Learned a level 3 spell: Tukima's Dance
  9136 | D:7      | Found a flagged portal.
  9147 | Bailey   | Entered a bailey
  9162 | Bailey   | Reached skill level 5 in Invocations
  9548 | Bailey   | Noticed an orc knight
  9550 | Bailey   | Noticed an orc knight
 10441 | Temple   | Entered the Ecumenical Temple
 10678 | Temple   | Fell from the grace of Ignis
 10678 | Temple   | Became a worshipper of Makhleb the Destroyer
 10917 | D:7      | Reached XP level 10. HP: 62/80 MP: 18/18
 11340 | D:8      | Found a basalt altar of Yredelemnul.
 12065 | D:7      | Slain by a fire elemental

Illustrated notes

Levels and vault maps discovered:
D:1:      dpeg_cavernosity, layout_rooms,
          shapermc_ecumenical_altar_mp_urbaneastern
D:2:      layout_loops_ring, serial_rivers, chequers_serial_rivers_micro_d,
          chequers_serial_rivers_micro_b, chequers_serial_rivers_room_a,
          chequers_serial_rivers_micro_b, minmay_snake_closets
D:3:      layout_basic, gammafunk_temple_overflow_claw,
          ebering_ghost_reflecting_pool, uniq_grinder
D:4:      layout_loops_ring, minmay_temple_entry_mist, serial_shops, shop,
          ebering_ghost_reflecting_pool, uniq_eustachio
D:5:      layout_cave_pods, nicolae_ossuary_entry_false_entrances,
          uniq_menkaure, uniq_prince_ribbit1
D:6:      layout_cave_pools, portal_sewer_entry_d, gammafunk_ghost_hive,
          kennysheep_small_spiral, grunt_ministairs_8
D:7:      layout_cave_pods, enter_bailey_5
D:8:      layout_rooms, mainiacjoe_overflow_cross_hatched, erik_lair_island,
          chequers_serial_rivers_small_3, minmay_shattered_shrine
Temple:   mainiacjoe_temple_coin_purse

Skill      XL: |  1  2  3  4  5  6  7  8  9 |
---------------+----------------------------+-----
Invocations    | 1 2 3 4 5 |  5.4
Short Blades   | 1 2 3 4 |  4.9
Axes           | 1 2 3 4 |  4.9
Maces & Flails | 1 2 3 4 |  4.9
Polearms       | 1 2 3 4 |  4.9
Staves         | 1 2 3 4 |  4.9
Slings         | 1 2 3 4 |  4.9
Bows           | 1 2 3 4 |  4.9
Crossbows      | 1 2 3 4 |  4.9
Throwing       | 1 2 3 4 |  4.9
Armour         | 1 2 3 4 |  4.9
Dodging        | 1 2 3 4 |  4.9
Stealth        | 1 2 3 4 |  4.9
Shields        | 1 2 3 4 |  4.9
Unarmed Combat | 1 2 3 4 |  4.9
Evocations     | 1 2 3 4 |  4.9
Spellcasting   | 3 4 5 |  5.7
Conjurations   | 1 2 3 4 |  4.0
Hexes          | 1 2 3 4 |  4.0
Summonings     | 1 2 3 4 |  4.0
Necromancy     | 1 2 3 4 |  4.0
Translocations | 1 2 3 4 |  4.0
Transmutations | 1 2 3 4 |  4.0
Ice Magic      | 1 2 3 4 |  4.0
Air Magic      | 1 2 3 4 |  4.0
Earth Magic    | 1 2 3 4 |  4.0
Poison Magic   | 1 2 3 4 |  4.0
Fighting       | 7 8 |  8.3
Long Blades    | 7 8 |  8.3
Fire Magic     | 6 |  6.9

Action                   |  1- 3 |  4- 6 |  7- 9 | 10-12 || total
-------------------------+-------+-------+-------+-------++-------
Melee: Falchion          |    72 |   134 |   213 |    16 ||   435
       Bite              |     4 |    10 |    29 |     4 ||    47
       Punch             |       |     3 |     3 |       ||     6
       Long sword        |       |       |       |     4 ||     4
 Cast: Scorch            |       |     2 |   162 |    13 ||   177
       Tukima's Dance    |       |       |     5 |       ||     5
       Mephitic Cloud    |       |       |     1 |       ||     1
Invok: Foxfire Swarm     |     1 |     2 |     3 |       ||     6
       Fiery Armour      |       |       |     5 |       ||     5
  Use: Scroll            |       |     4 |    12 |     1 ||    17
       Potion            |       |       |     5 |       ||     5
Armor: Robe              |     1 |       |       |       ||     1
       Ring mail         |    25 |    58 |   137 |    12 ||   232
Dodge: Dodged            |    33 |    83 |   215 |    21 ||   352
